 Dungeon Crawl Stone Soup version 0.23.1 (webtiles) character file.

Game seed: 16018553276066370204

149 kali666 the Shield-Bearer (level 5, -4/41 HPs)
             Began as a Human Fighter on Mar 18, 2019.
             Slain by a gnoll
             ... wielding a +0 halberd
              (6 damage)
             ... on level 6 of the Dungeon.
             The game lasted 00:15:52 (2794 turns).

kali666 the Shield-Bearer (Human Fighter)           Turns: 2794, Time: 00:15:52

Health: -4/41      AC: 10    Str: 17    XL:     5   Next: 56%
Magic:  5/5        EV:  7    Int:  8    God:
Gold:   188        SH:  9    Dex: 13    Spells: 4/4 levels left

rFire    . . .     SeeInvis +   a - +0 long sword
rCold    . . .     Gourm    .   c - +0 shield
rNeg     . . .     Faith    .   b - +0 scale mail
rPois    .         Spirit   .   (no helmet)
rElec    .         Reflect  .   (no cloak)
rCorr    .         Harm     .   s - +0 pair of gloves
MR       .....                  (no boots)
Stlth    ..........             (no amulet)
HPRegen  0.13/turn              m - +2 ring of protection
MPRegen  0.09/turn              j - ring of see invisible

@: about to teleport, very slow
A: no striking features
a: no special abilities


You were on level 6 of the Dungeon.
You were not hungry.

You visited 1 branch of the dungeon, and saw 4 of its levels.

You collected 188 gold pieces.

Inventory:

Hand Weapons
 a - a +0 long sword (weapon)
 l - a cursed +0 dagger
Armour
 b - a +0 scale mail (worn)
 c - a +0 shield (worn)
 s - a +0 pair of gloves (worn)
Jewellery
 i - an uncursed ring of positive energy
 j - a ring of see invisible (right hand)
 m - a +2 ring of protection (left hand)
Scrolls
 e - 4 scrolls of identify
 g - 3 scrolls of teleportation
 h - 2 scrolls of enchant weapon {unknown}
 k - 3 scrolls of remove curse {unknown}
 n - a scroll of immolation {unknown}
Potions
 d - a potion of might
 o - a potion of curing {unknown}
 p - a potion of heal wounds {unknown}
 q - 2 potions of degeneration
Comestibles
 f - 2 rations


   Skills:
 + Level 3.6 Fighting
 + Level 3.6 Long Blades
 + Level 3.6 Armour
 + Level 0.6 Dodging
 + Level 0.3 Stealth
 + Level 3.7 Shields


You had 4 spell levels left.
You didn't know any spells.
Your spell library was empty.

Dungeon Overview and Level Annotations

Branches:
Dungeon (3/15)

Altars:
Cheibriados
Nemelex Xobeh
Qazlal
Ru
Xom


Message History

You enter the shallow water.
Moving in this stuff is going to be slow.
The gnoll hits you with a +0 halberd.
You closely miss the gnoll. The gnoll hits you with a +0 halberd!
* * * LOW HITPOINT WARNING * * *
You block the gnoll's attack. You block the gnoll's attack.
The gnoll hits you from afar with a +0 halberd.
* * * LOW HITPOINT WARNING * * *
You enter the shallow water.
Moving in this stuff is going to be slow.
The gnoll hits you from afar with a +0 halberd.
* * * LOW HITPOINT WARNING * * *
The gnoll hits you but does no damage.
The gnoll splashes around in the water.
Okay, then.
As you read the scroll of teleportation, it crumbles to dust.
You feel strangely unstable.
The gnoll hits you from afar with a +0 halberd.
You die...

# .....#.# #.#.#
##. #.#.#.####.#.#
.... #...#....#.#.#
...# ###...<).....#
...#....###.##.##
...##.#....###g##)#
.......gg≈≈.##[##g#
##.####≈≈≈≈≈##.##.#
#.@≈.≈≈...##g#
#.≈≈†≈≈#####.#
#.#≈≈≈## #.#
#.##_## #.# .. ###
#.# ##. .. ..


You could see 2 gnolls.

Vanquished Creatures
  A gnoll shaman (D:6)
  3 gnolls (D:6)
  An adder (D:3)
  An ooze (D:1)
  An adder skeleton (D:6)
  4 worms
  3 dart slugs
  3 leopard geckos
  3 orcs
  5 bats
  A giant cockroach (D:6)
  8 goblins
  4 hobgoblins
  2 jackals (D:1)
  3 kobolds
  A quokka (D:6)
  A ball python (D:1)
  5 frilled lizards
  4 rats
54 creatures vanquished.

Notes
Turn   | Place    | Note
-------+----------+-------------------------------------------
     0 | D:1      | kali666 the Human Fighter began the quest for the Orb.
     0 | D:1      | Reached XP level 1. HP: 18/18 MP: 1/1
   178 | D:1      | Reached XP level 2. HP: 24/24 MP: 2/2
   334 | D:1      | Reached XP level 3. HP: 28/29 MP: 3/3
  1030 | D:2      | Reached XP level 4. HP: 35/35 MP: 4/4
  1712 | D:3      | Found a sacrificial altar of Ru.
  1762 | D:3      | Found a shimmering altar of Xom.
  1795 | D:3      | Found a sparkling altar of Nemelex Xobeh.
  1942 | D:3      | Found a stormy altar of Qazlal.
  2590 | D:3      | You fall through a shaft for 3 floors!
  2678 | D:6      | Found a snail-covered altar of Cheibriados.
  2717 | D:6      | Reached XP level 5. HP: 36/41 MP: 5/5
  2792 | D:6      | HP: 2/41 [gnoll/+0 halberd (1)]
  2794 | D:6      | Slain by a gnoll

Skill      XL: |  1  2  3  4 |
---------------+-------------+-----
Long Blades    | 3 |  3.6
Fighting       | |  3.6
Armour         | |  3.6
Dodging        | |  0.6
Stealth        | |  0.3
Shields        | |  3.7

Action                   |  1- 3 |  4- 6 || total
-------------------------+-------+-------++-------
Melee: Long sword        |    83 |    96 ||   179
  Use: Scroll            |     1 |     3 ||     4
  Eat: Chunk             |     1 |     2 ||     3
       Ration            |       |     1 ||     1
Armor: Scale mail        |    29 |    65 ||    94
Dodge: Dodged            |    25 |    36 ||    61
Block: Shield            |    35 |    65 ||   100
       Rpst.: Long sword |    10 |     9 ||    19
